[Event "Live Chess"]
[Site "Chess.com"]
[Date "2023.05.20"]
[Round "-"]
[White "HD_IN4k"]
[Black "Brooms1989"]
[Result "0-1"]
[WhiteElo "324"]
[BlackElo "986"]
[TimeControl "300"]
[EndTime "10:40:25 PDT"]
[Termination "Brooms1989 won by resignation"]

1. d4 Nf6 2. c4 g6 3. e3 Bg7 4. Nf3 d6 5. b3 O-O 6. Ba3 Nbd7 7.
Qd3 Re8 8. e4 e5 9. dxe5 dxe5 10. h4 Nb6 11. h5 Qxd3 12. Bxd3 Nxh5 13. Ng5 h6 14. Nf3 Bg4 15. Rh4 Bxf3 16. gxf3 Rad8 17.
Bc5 Rxd3 18. Bxb6 axb6 19. b4 Rxf3 20. c5 bxc5 21. bxc5 Rf4 22. c6 bxc6 23. Rxf4 exf4 24. a4 Bxa1 25. a5 Ra8 26. Nc3 Bxc3+ 27. Ke2 Rxa5 28. Kf3 Nf6 29. e5 Bxe5 30. Kg2 Rd5 31. f3 c5 32.
Kh3 c4 33. Kh4 c3 0-1

[Event "Live Chess"]
[Site "Chess.com"]
[Date "2023.05.20"]
[Round "-"]
[White "ClassyChameleon"]
[Black "Outspanner"]
[Result "0-1"]
[WhiteElo "1048"]
[BlackElo "1543"]
[TimeControl "300"]
[EndTime "10:40:33 PDT"]
[Termination "Outspanner won on time"]

1. e4 d6 2. d4 Nf6 3. Nc3 Nbd7 4. Bc4 e5 5. d5 c6 6. Nf3 Be7 7. O-O O-O 8. Bg5 c5 9. Qd2 a6 10. Nh4 b5 11. Bd3 c4 12. Be2 b4 13. Na4 Nxe4 14. Bxe7 Qxe7 15. Nf5 Qf6 16. Qxb4 Qxf5 17. Bxc4 Ndc5 18.
Qa5 Nxa4 19. Qxa4 Bd7 20. Qb4 Rfb8 21. Qe1 Nc5 22. b3 Bb5 23. Bxb5 axb5 24. b4 Ne4 25. f3 Nf6 26. c3 Rc8 27. Qc1 Rc4 28. a4 Rxa4 29.
Qb2 Qd3 30. Rxa4 bxa4 31. Qa2 Rxc3 32. Qxa4 Qd4+ 33. Kh1 h6 34. Qa8+ Kh7 35. b5 Nxd5 36. Qa6 Qb6 37. h3 Qxa6 38. bxa6 Ra3 39. Rd1 Nc7 40.
Rxd6 Rxa6 41. Rxa6 Nxa6 42. Kh2 Nc5 43. Kg3 Kg6 44. Kg4 h5+ 45. Kh4 Kf6 46. g4 hxg4 47. hxg4 Nd3 48. g5+ Kg6 49. Kg4 Nf2+ 50. Kg3 Nd3 51.
Kg4 f6 52. Kg3 f5 53. f4 exf4+ 0-1

[Event "Live Chess"]
[Site "Chess.com"]
[Date "2023.05.20"]
[Round "-"]
[White "jennybobby44"]
[Black "TobyQuaite"]
[Result "1-0"]
[WhiteElo "1852"]
[BlackElo "1696"]
[TimeControl "300"]
[EndTime "10:40:44 PDT"]
[Termination "jennybobby44 won by resignation"]

1. Nf3 Nf6 2. g3 d5 3. Bg2 c5 4. d3 Nc6 5. Nbd2 h6 6. c3 Bf5 7. O-O e6 8. Re1 Bh7 9. e4 dxe4 10. dxe4 Be7 11. Qe2 O-O 12. h3 Qc7 13. Nc4 e5 14.
a4 a6 15. a5 Nxe4 16. Nb6 Rad8 17. Nh2 Nf6 18. Bxc6 Qxc6 19. Qxe5 Rfe8 20. Qf4 Nd5 21.
Nxd5 Qxd5 22. Be3 Bg5 23. Qf3 Be4 24. Qg4 g6 25. Bxg5 hxg5 26. Rad1 Bd3 27. Rxe8+ Rxe8 28. Nf3 Qf5 29. Qxf5 Bxf5 30. g4 Bc2 31. Rd2 Bb3 32.
Nxg5 Re5 33. Nf3 Re6 34. Kg2 Kf8 35. Kg3 Ke7 36. Ng5 Re5 37. Kf4 f6 38. Nf3 g5+ 39. Kg3 Rd5 40. Rxd5 Bxd5 41. Nd2 Bc6 42. Nf1 Ke6 43.
Ne3 Ke5 44. Ng2 Bxg2 45. Kxg2 Kf4 46. f3 f5 47. gxf5 Kxf5 48. Kg3 Kg6 49. Kg4 Kh6 50. h4 gxh4 51. Kxh4 Kg6 52. Kg4 Kf6 53. Kf4 Ke6 54. Ke4 Kf6 55. f4 Ke6 56. f5+ Kf6 57.
Kd5 Kxf5 58. Kxc5 Ke6 59. Kb6 Kd7 60. Kxb7 Kd8 61. Kxa6 Kd7 62. Kb7 Kd6 63. a6 Kd7 64. a7 Kd6 65. a8=Q Kd7 66. Qc8+ 1-0

[Event "Live Chess"]
[Site "Chess.com"]
[Date "2023.05.20"]
[Round "-"]
[White "JoshMcK"]
[Black "Albul"]
[Result "0-1"]
[WhiteElo "1538"]
[BlackElo "2166"]
[TimeControl "300"]
[EndTime "10:40:48 PDT"]
[Termination "Albul won by resignation"]

1. e4 d5 2. exd5 Nf6 3. d4 Nxd5 4. Nf3 Bg4 5. Be2 e6 6. c4 Nb6 7. Nc3 Bb4 8. O-O O-O 9. a3 Be7 10. c5 Nd5 11. Nxd5 Qxd5 12. b4 Nc6 13. Be3 a6 14. h3 Bh5 15. Qd2 Rad8 16. Rfd1 Bf6 17. Rac1 e5 18. dxe5 Qxd2 19. Rxd2 Rxd2 20. Bxd2 Nxe5 21.
Nd4 Bxe2 22. Nxe2 Rd8 23. Bf4 Nd3 24. Rd1 Nxf4 25. Rxd8+ Bxd8 26. Nxf4 Kf8 27. Kf1 Bg5 28. Nd5 c6 29. Nb6 Bc1 30. a4 Ba3 31. b5 axb5 32.
axb5 cxb5 33. Ke2 Ke7 34. Kd3 Bxc5 35. Nd5+ Kd6 36. Nc3 Bxf2 37. Nxb5+ Kc5 38. Nc3 Bh4 39. Ne4+ Kd5 40. g3 Be7 41. h4 b5 42. Nc3+ Kc6 43.
Ne4 b4 44. Kc4 f5 45. Nd2 Bd6 0-1

[Event "Live Chess"]
[Site "Chess.com"]
[Date "2023.05.20"]
[Round "-"]
[White "GEMdzq"]
[Black "Supertromp"]
[Result "0-1"]
[WhiteElo "2244"]
[BlackElo "2183"]
[TimeControl "300"]
[EndTime "10:40:50 PDT"]
[Termination "Supertromp won by resignation"]

1. e4 c5 2. d4 cxd4 3. c3 Nf6 4. e5 Nd5 5. Qxd4 e6 6. Bd3 Nc6 7. Qe4 d6 8. exd6 Bxd6 9. Nf3 Nf6 10. Qe2 O-O 11. O-O b6 12. Rd1 Bb7 13. Bg5 h6 14. Bh4 Qe7 15. Nbd2 g5 16. Bg3 Nd5 17. Nc4 Bxg3 18. hxg3 Kg7 19. Re1 Nf6 20. Ne3 Qc5 21. Rad1 Rad8 22. Bb1 Ne5 23. Nd4 Nc6 24. Nec2 Nxd4 25.
Nxd4 Rd7 26. Nxe6+ fxe6 27. Qxe6 Rxd1 28. Rxd1 Qc6 29.
Qxc6 Bxc6 30. Rd6 Bb7 31. f4 Re8 32. Bd3 Re3 33. Kf2 Ng4+ 34. Kf1 Rxd3 35. Rxd3 Ba6 0-1

[Event "Live Chess"]
[Site "Chess.com"]
[Date "2023.05.20"]
[Round "-"]
[White "stevefairhurst"]
[Black "misha464"]
[Result "1-0"]
[WhiteElo "585"]
[BlackElo "745"]
[TimeControl "300"]
[EndTime "10:41:02 PDT"]
[Termination "stevefairhurst won by checkmate"]

1. e4 e5 2. Nf3 Nc6 3. Bc4 Nf6 4.
Ng5 d5 5. exd5 Nxd5 6. Nxf7 Kxf7 7. Qf3+ Ke6 8. Nc3 Qf6 9. Qxd5+ Ke7 10. Qc5+ Qd6 11. Qxd6+ cxd6 12. Nd5+ Kd8 13. Kd1 Be6 14. d3 Bxd5 15. Bxd5 Nd4 16. Bxb7 Rb8 17. Be4 g6 18. c3 Ne6 19. Be3 Rg8 20. Bxa7 Rc8 21. Bb6+ Kd7 22. d4 exd4 23. cxd4 Rc4 24. Bd5 Rxd4+ 25. Bxd4 Nxd4 26.
Kd2 Bh6+ 27. Kd3 Nb5 28. Rac1 Rf8 29. Bc6+ Ke7 30. Bxb5 Rxf2 31. Rc7+ Ke6 32. Re1+ Kd5 33. Bc4# 1-0

[Event "Live Chess"]
[Site "Chess.com"]
[Date "2023.05.20"]
[Round "-"]
[White "WelshTiger"]
[Black "JackRudd"]
[Result "0-1"]
[WhiteElo "2428"]
[BlackElo "2432"]
[TimeControl "300"]
[EndTime "10:41:16 PDT"]
[Termination "JackRudd won by checkmate"]

1. e4 c5 2. Nf3 d6 3. d4 cxd4 4. Nxd4 Nf6 5. Nc3 a6 6. h4 Nc6 7. h5 Bg4 8. Be2 Bxe2 9. Ndxe2 Qa5 10. Bd2 e6 11. Nd5 Qd8 12. Nxf6+ gxf6 13. Bc3 Rg8 14. g3 Bh6 15. Qd3 Ne5 16. Bxe5 fxe5 17. Rd1 Qa5+ 18. c3 O-O-O 19. Qf3 Rd7 20. Nc1 Bxc1 21. Rxc1 Qxa2 22. Qe2 Qa5 23. O-O Qb6 24. b4 Rxg3+ 25. Kh2 Rg5 26. f4 exf4 27. Rxf4 d5 28. Rd1 Qc7 29.
Qe3 f5 30. exd5 Rdg7 31. Qxe6+ Kb8 32. Qe8+ Ka7 33. Qe3+ b6 34. d6 Rxh5+ 35. Qh3 Qxc3 36. Rh4 Qe5+ 37. Kh1 Qe4+ 38. Kh2 Qe2+ 39. Kh1 Qxd1+ 40. Kh2 Qg1# 0-1

[Event "Live Chess"]
[Site "Chess.com"]
[Date "2023.05.20"]
[Round "-"]
[White "BogdanBeleiUkraine"]
[Black "lamteama1"]
[Result "0-1"]
[WhiteElo "1203"]
[BlackElo "1160"]
[TimeControl "300"]
[EndTime "10:41:30 PDT"]
[Termination "lamteama1 won by checkmate"]

1. e4 c5 2. Nc3 a6 3. a4 d6 4. Bc4 Nf6 5. Nge2 e6 6. O-O d5 7. exd5 exd5 8. Ba2 d4 9. Ne4 Nxe4 10. d3 Nf6 11. Ng3 Be7 12. Bf4 O-O 13. h3 Nc6 14.
Ne2 Bd6 15. Bg5 h6 16. Bh4 Re8 17. Bg3 Be6 18. c3 Bxg3 19. fxg3 Bxa2 20. Rxa2 Re3 21. c4 Nb4 22. Ra1 Rxd3 23. Qb1 Re3 24. Rf2 Ne4 25.
Rf4 d3 26. Nc3 Nxg3 27. Kh2 Qd6 28. Rf3 Rxf3 29. gxf3 Qf4 30. Qg1 Ne2+ 31. Kg2 Qg3+ 32. Kf1 Qxg1# 0-1

[Event "Live Chess"]
[Site "Chess.com"]
[Date "2023.05.20"]
[Round "-"]
[White "chessleanstrategist"]
[Black "martynstanley"]
[Result "0-1"]
[WhiteElo "404"]
[BlackElo "988"]
[TimeControl "300"]
[EndTime "10:41:39 PDT"]
[Termination "martynstanley won on time"]

1. c4 e6 2. g3 d5 3. cxd5 exd5 4. Nc3 c5 5. d4 Qb6 6. e3 Nh6 7. Bg2 Be6 8. Nge2 Nf5 9. O-O Nc6 10. a4 cxd4 11. exd4 Ncxd4 12. Nxd4 Nxd4 13. a5 Qc5 14. Be3 Qd6 15. Bxd4 Be7 16. Re1 O-O 17. Qc2 b6 18.
axb6 axb6 19. Rxa8 Rxa8 20. Nb5 Qb4 21. Qe2 Ra5 22.
Na3 Qxd4 23. Rd1 Qb4 24. Nb1 Ra2 25. Nc3 Rxb2 26. Qd3 g6 0-1

[Event "Live Chess"]
[Site "Chess.com"]
[Date "2023.05.20"]
[Round "-"]
[White "yarek"]
[Black "ReeceHockton"]
[Result "1-0"]
[WhiteElo "1895"]
[BlackElo "323"]
[TimeControl "300"]
[EndTime "10:41:43 PDT"]
[Termination "yarek won by checkmate"]

1. e4 Nc6 2. d4 e5 3. d5 Nce7 4.
Nf3 d6 5. c4 c6 6. Nc3 cxd5 7.
cxd5 Bg4 8. h3 Bxf3 9. Qxf3 f6 10. Bb5+ Kf7 11. O-O Nh6 12. Bxh6 gxh6 13. Rac1 Rg8 14.
Kh2 a6 15. Be2 Ng6 16. Qf5 Be7 17. Bh5 Qc7 18. Ne2 Qb6 19. b3 Rge8 20. Ng3 Qd4 21. Rc7 Qd3 22. Rfc1 Qd2 23. R1c2 Qg5 24. Qe6+ Kg7 25.
Bxg6 Qxg6 26. Rxe7+ Rxe7 27. Qxe7+ Qf7 28. Nf5+ Kg6 29.
Qxf7+ Kxf7 30. Nxd6+ Ke7 31. Nxb7 Rg8 32. d6+ Ke6 33. Rc7 Re8 34. d7 Ke7 35. d8=Q+ Kf8 36. Qxf6+ Kg8 37. Qg7# 1-0

[Event "Live Chess"]
[Site "Chess.com"]
[Date "2023.05.20"]
[Round "-"]
[White "CeladonFish"]
[Black "laki79"]
[Result "0-1"]
[WhiteElo "1011"]
[BlackElo "2318"]
[TimeControl "300"]
[EndTime "10:41:48 PDT"]
[Termination "laki79 won by checkmate"]

1. d4 Nf6 2. c4 g6 3. Nc3 Bg7 4. Bf4 d6 5. Nf3 O-O 6. e3 b6 7. Be2 Bb7 8. O-O Ne4 9. d5 Nxc3 10.
bxc3 c5 11. Qc2 Nd7 12. h4 Nf6 13. Nh2 h5 14. g4 hxg4 15. Bxg4 Bc8 16. f3 Bd7 17. Kg2 Qc8 18. Kg3 Kh7 19. h5 Bf5 20. hxg6+ fxg6 21. e4 Bxg4 22. Nxg4 Nh5+ 23. Kf2 Rxf4 24.
Rh1 Qxg4 25. Qe2 Qg3+ 26. Ke3 Raf8 27. Raf1 Bxc3 28. Qh2 Rxf3+ 29. Rxf3 Qxf3# 0-1

[Event "Live Chess"]
[Site "Chess.com"]
[Date "2023.05.20"]
[Round "-"]
[White "Fazer180"]
[Black "tpm07"]
[Result "1-0"]
[WhiteElo "1728"]
[BlackElo "1958"]
[TimeControl "300"]
[EndTime "10:41:48 PDT"]
[Termination "Fazer180 won by resignation"]

1. e4 e5 2. Nf3 Nc6 3. d4 exd4 4.
Nxd4 Nf6 5. Nc3 Bb4 6. Nxc6 bxc6 7. Bd2 O-O 8. Bd3 d5 9. exd5 cxd5 10. O-O c6 11. a3 Be7 12. Re1 Be6 13. Bf4 Bd6 14.
Bxd6 Qxd6 15. Qf3 Rab8 16. b3 Qc5 17. Ne2 Rfe8 18. Nf4 Bg4 19. Qg3 Bd7 20. a4 Ne4 21.
Bxe4 dxe4 22. Rac1 g6 23. Qe3 f5 24. Qxc5 1-0

[Event "Live Chess"]
[Site "Chess.com"]
[Date "2023.05.20"]
[Round "-"]
[White "toog"]
[Black "JamesWallman"]
[Result "1-0"]
[WhiteElo "2638"]
[BlackElo "774"]
[TimeControl "300"]
[EndTime "10:41:53 PDT"]
[Termination "toog won on time"]

1. b4 e5 2. Bb2 d6 3. c4 Nf6 4. g3 Be6 5. Bg2 c6 6. d3 Nbd7 7. Nf3 Be7 8. O-O h6 9. Nc3 O-O 10. a4 a6 11. b5 cxb5 12. axb5 axb5 13. Nxb5 Qb6 14. Nd2 Nc5 15. Qc2 Nh7 16. Rfb1 f5 17. Bc3 Bg5 18. h4 Be7 19. Nb3 Nxb3 20.
Qxb3 Nf6 21. Na7 Qxb3 22. Rxb3 Rfb8 23. Rxb7 Rxb7 24. Bxb7 Rb8 25. Bg2 Nd7 26. Nc6 Re8 27. Ra7 Kh7 28. Bb4 h5 29. Nxe7 Rxe7 30. Bxd6 Rf7 31. c5 Nf6 32. Rxf7 Bxf7 33. Bxe5 1-0

[Event "Live Chess"]
[Site "Chess.com"]
[Date "2023.05.20"]
[Round "-"]
[White "KeithArkell"]
[Black "OceanFloater"]
[Result "1-0"]
[WhiteElo "2612"]
[BlackElo "988"]
[TimeControl "300"]
[EndTime "10:41:59 PDT"]
[Termination "KeithArkell won by checkmate"]

1. d4 c6 2. Nf3 d5 3. c4 Nf6 4.
Nc3 dxc4 5. e3 e6 6. Bxc4 b5 7.
Bd3 Nbd7 8. a4 a6 9. axb5 cxb5 10. Bxb5 Bb4 11. O-O O-O 12. Bd2 Bxc3 13. Bxc3 Bb7 14. Be2 Nb6 15. Qb3 Qd7 16. Qxb6 Bxf3 17. Bxf3 Rfb8 18. Qa5 Rb5 19. Qa4 Ra7 20. h3 Rbb7 21. Bxb7 Qxb7 22. d5 Nxd5 23. Qe8# 1-0

[Event "Live Chess"]
[Site "Chess.com"]
[Date "2023.05.20"]
[Round "-"]
[White "GEMdzq"]
[Black "ickabod1100"]
[Result "1-0"]
[WhiteElo "2244"]
[BlackElo "932"]
[TimeControl "300"]
[EndTime "10:42:01 PDT"]
[Termination "GEMdzq won by checkmate"]

1. e4 e5 2. Nf3 Nc6 3. Bb5 Nf6 4.
O-O h6 5. d4 Nxd4 6. Nxd4 exd4 7. e5 Ng8 8. Qxd4 f6 9. Bd3 fxe5 10. Bg6+ Ke7 11. Qxe5# 1-0

[Event "Live Chess"]
[Site "Chess.com"]
[Date "2023.05.20"]
[Round "-"]
[White "Bot_Boy"]
[Black "worldchessleaguelive"]
[Result "0-1"]
[WhiteElo "325"]
[BlackElo "1413"]
[TimeControl "300"]
[EndTime "10:42:02 PDT"]
[Termination "worldchessleaguelive won on time"]

1. c4 c5 2. Nc3 Nc6 3. Nf3 Nf6 4. e4 e5 5. d3 d6 6. Bg5 Be7 7. h4 h6 8. Bxf6 gxf6 9. h5 Bg4 10. Be2 Qb6 11. Qd2 Bxf3 12. Bxf3 Nd4 13. b3 O-O-O 14. Bg4+ Kb8 15. Nd5 Qa6 16. Nxe7 Rde8 17. Nd5 f5 18.
exf5 e4 19. O-O exd3 20. Rae1 Reg8 21. Qf4 d2 22. Rd1 b5 23. Rxd2 bxc4 24. f6 c3 25. Rxd4 cxd4 26. Qxd4 c2 27. Ne7 Qxf1+ 28. Kxf1 c1=Q+ 29.
Ke2 Qc2+ 30. Kf3 Rxg4 31. Qxd6+ Qc7 32. Qxc7+ Kxc7 33. Nd5+ Kd6 34. Kxg4 Kxd5 35. Kf3 Rc8 36. g3 Rc2 0-1

[Event "Live Chess"]
[Site "Chess.com"]
[Date "2023.05.20"]
[Round "-"]
[White "lateforthesky"]
[Black "Davidagye"]
[Result "1-0"]
[WhiteElo "2072"]
[BlackElo "1655"]
[TimeControl "300"]
[EndTime "10:42:05 PDT"]
[Termination "lateforthesky won by resignation"]

1. e4 Nf6 2. e5 Nd5 3. c4 Nb6 4.
d4 d6 5. exd6 cxd6 6. Nc3 g6 7.
Be3 Bg7 8. Rc1 O-O 9. b3 Nc6 10. Be2 f5 11. f4 Qe8 12. d5 Nd8 13. Nf3 e5 14. O-O Bd7 15. Qd2 Nf7 16. a4 Nc8 17. Rfe1 a6 18. Bf1 h6 19. fxe5 dxe5 20. Bc5 Ne7 21.
Nd4 Rc8 22. Ba3 Kh7 23. Ne6 Bxe6 24. dxe6 Ng5 25. Nd5 Bf6 26. Nxf6+ Rxf6 27. Rxe5 Ne4 28. Qd7 Rf7 29. Qxe8 Rxe8 30. exf7 1-0

[Event "Live Chess"]
[Site "Chess.com"]
[Date "2023.05.20"]
[Round "-"]
[White "ClassyChameleon"]
[Black "booktrunk"]
[Result "1-0"]
[WhiteElo "1062"]
[BlackElo "1333"]
[TimeControl "300"]
[EndTime "10:42:06 PDT"]
[Termination "ClassyChameleon won by resignation"]

1. e4 d5 2. exd5 Qxd5 3. Nf3 e5 4.
g3 Bg4 5. Bg2 e4 6. c3 exf3 7.
Qa4+ c6 8. Qxg4 Qe5+ 9. Kf1 Qe2+ 10.
Kg1 fxg2 11. Kxg2 Nf6 12. Qxe2+ 1-0

[Event "Live Chess"]
[Site "Chess.com"]
[Date "2023.05.20"]
[Round "-"]
[White "whitedjohn"]
[Black "Horseymobile"]
[Result "1-0"]
[WhiteElo "1670"]
[BlackElo "1247"]
[TimeControl "300"]
[EndTime "10:42:09 PDT"]
[Termination "whitedjohn won by resignation"]

1. e4 c6 2. d4 d5 3. exd5 cxd5 4. Bd3 g6 5. c3 Bg7 6. Bf4 Nf6 7. Nf3 O-O 8. O-O Nc6 9. Nbd2 Bg4 10. h3 Bd7 11.
Re1 Re8 12. Ne5 Nh5 13. Nxc6 bxc6 14. Bh2 Qb6 15. Rb1 c5 16. dxc5 Qxc5 17. Nb3 Qb6 18. Be2 Bc6 19. Bxh5 gxh5 20. Qxh5 f6 21. Re6 Qb5 22.
Nd4 Qd3 23. Rbe1 1-0

[Event "Live Chess"]
[Site "Chess.com"]
[Date "2023.05.20"]
[Round "-"]
[White "LodeshChess"]
[Black "Tushinskiy"]
[Result "0-1"]
[WhiteElo "927"]
[BlackElo "2106"]
[TimeControl "300"]
[EndTime "10:42:14 PDT"]
[Termination "Tushinskiy won by resignation"]

1. e4 e5 2. Nf3 d6 3. d4 Bg4 4.
Nbd2 Nd7 5. h3 Bh5 6. g4 Bg6 7. dxe5 dxe5 8. Bb5 c6 9. Bc4 Ngf6 10. Bd3 Qc7 11. Nb3 Be7 12. Bg5 O-O 13. Qd2 b5 14. Qe3 a5 15. O-O-O a4 16. Nbd2 Rfb8 17. h4 h5 18. gxh5 Bxh5 19. Rdg1 Kf8 20. Bxf6 Bxf6 21. Ng5 c5 22. Nh7+ Ke7 23. Nxf6 gxf6 24. Qh6 c4 25. Bxc4 bxc4 26. Qxh5 c3 27. Nf3 Rxb2 28. Rg7 Rf8 29. Ng5 fxg5 30. Qxg5+ Ke8 31. Rg8 Qd6 32. Rd1 Rb1+ 33.
Kxb1 Qb4+ 0-1

[Event "Live Chess"]
[Site "Chess.com"]
[Date "2023.05.20"]
[Round "-"]
[White "ranvir123"]
[Black "Hacker_2009"]
[Result "0-1"]
[WhiteElo "886"]
[BlackElo "1914"]
[TimeControl "300"]
[EndTime "10:42:15 PDT"]
[Termination "Hacker_2009 won by resignation"]

1. e4 c5 2. Nc3 d6 3. d4 cxd4 4. Qxd4 Nc6 5. Qe3 Nf6 6. Nf3 e6 7. Bb5 Bd7 8. O-O Be7 9. e5 dxe5 10. Bxc6 Bxc6 11. Nxe5 Qc7 12. Nxc6 Qxc6 13. Rd1 O-O 14.
Qh3 Rfd8 15. Bg5 Qc5 16. Bxf6 Bxf6 17. Ne4 Qe5 18. Nxf6+ Qxf6 19. c3 Qe5 20. Qe3 Qxe3 21. fxe3 Kf8 22. Kf2 Ke7 23. Rd4 e5 24. Rdd1 Ke6 25. Kf3 f5 26. e4 f4 27. g3 g5 28.
gxf4 gxf4 29. h4 Rg8 30. Rg1 Rad8 31. Rad1 Rxd1 32. Rxd1 Rg3+ 33. Kf2 Rh3 34. Rg1 Rxh4 35. Rg7 Rh2+ 36. Kf3 Rxb2 37. Rxh7 b6 38. Rxa7 Rc2 39. Ra6 Rxc3+ 40. Kg4 Rg3+ 41. Kh4 Rg1 42. Rxb6+ Ke7 43. Rb2 Kd6 44. a4 Kc5 45. a5 Kd4 46. a6 Ra1 47. Rb6 Kxe4 48. Re6 Kf5 49. Rc6 f3 50. Kg3 Ke4 51. Rc4+ Kd3 52. Rc6 e4 53. Rd6+ Ke2 54. Re6 e3 55. Kf4 f2 56. Rxe3+ Kd2 57. Rf3 f1=Q 58. Rxf1 Rxf1+ 59. Ke4 Ra1 0-1

[Event "Live Chess"]
[Site "Chess.com"]
[Date "2023.05.20"]
[Round "-"]
[White "alexlines8"]
[Black "Tema1107"]
[Result "0-1"]
[WhiteElo "1248"]
[BlackElo "1965"]
[TimeControl "300"]
[EndTime "10:42:17 PDT"]
[Termination "Tema1107 won by resignation"]

1. e4 c5 2. c3 Nf6 3. e5 Nd5 4.
d4 cxd4 5. cxd4 Nc6 6. Nc3 Nxc3 7.
bxc3 g6 8. Nf3 d6 9. exd6 Qxd6 10. Bd3 Bg7 11. O-O O-O 12. Be3 Bg4 13. Be2 Rad8 14.
Rb1 b6 15. Qd2 e5 16. Rfd1 exd4 17. cxd4 Rfe8 18. h3 Bf5 19. Rbc1 Ne7 20. Bb5 Bd7 21.
Bxd7 Qxd7 22. Rc3 Nd5 23. Ra3 a5 24. Re1 Bf8 25. Rb3 Bb4 26. Qd1 Bxe1 27. Qxe1 a4 28. Rb5 Qxb5 0-1

[Event "Live Chess"]
[Site "Chess.com"]
[Date "2023.05.20"]
[Round "-"]
[White "1600x"]
[Black "raminguy"]
[Result "1-0"]
[WhiteElo "1552"]
[BlackElo "1970"]
[TimeControl "300"]
[EndTime "10:42:19 PDT"]
[Termination "1600x won by resignation"]

1. d4 d5 2. Nf3 e6 3. Bf4 Bd6 4. Bxd6 Qxd6 5. Nbd2 Nf6 6. e3 O-O 7. c3 c6 8. Be2 Nbd7 9. O-O e5 10. dxe5 Nxe5 11.
Nxe5 Qxe5 12. h3 Qg5 13. Nf3 Qg6 14. Ne5 Qf5 15. Nf3 Ne4 16. a3 Re8 17. Bd3 Qg6 18. Nh4 Qh6 19. Nf3 g5 20. Bxe4 Rxe4 21. Nd2 Rh4 22. Nf3 Re4 23. Nd2 Re7 24. Qa4 Qh5 25.
c4 g4 26. Qb4 Re8 27. hxg4 Bxg4 28. cxd5 cxd5 29. Qf4 Re5 30. f3 Be6 31. Kf2 Rf5 32. Qd4 Qg6 33. Rg1 Rg5 34. g4 Rc8 35. Rgc1 Re8 36.
Rc7 Qh6 37. Qf4 Qh4+ 38. Kg2 Bxg4 39. Qxf7+ Kh8 40. Qxe8+ Rg8 41. Qe5+ 1-0

[Event "Live Chess"]
[Site "Chess.com"]
[Date "2023.05.20"]
[Round "-"]
[White "mach247"]
[Black "Singapourfeuj"]
[Result "0-1"]
[WhiteElo "1309"]
[BlackElo "2251"]
[TimeControl "300"]
[EndTime "10:42:20 PDT"]
[Termination "Singapourfeuj won by checkmate"]

1. e4 e6 2. d4 d5 3. e5 c5 4.
c3 Nc6 5. Nf3 Qb6 6. Na3 cxd4 7.
cxd4 Bxa3 8. bxa3 Nh6 9. Bxh6 gxh6 10. Bd3 Bd7 11. O-O Nxd4 12. Nxd4 Qxd4 13. Rb1 Qxe5 14. Rxb7 Bc6 15. Re1 Qf4 16. Rb4 Qd6 17. Qh5 a5 18. Rb6 Qc5 19. Reb1 Rc8 20. h3 Rg8 21. Rxc6 Rxc6 22.
Bb5 Ke7 23. Bxc6 Qxc6 24. Qxh6 d4 25. Qxh7 Qxg2# 0-1

[Event "Live Chess"]
[Site "Chess.com"]
[Date "2023.05.20"]
[Round "-"]
[White "PLZ909"]
[Black "Chesscoach_Golichenko"]
[Result "0-1"]
[WhiteElo "1405"]
[BlackElo "2651"]
[TimeControl "300"]
[EndTime "10:42:24 PDT"]
[Termination "Chesscoach_Golichenko won by checkmate"]

1. d4 Nf6 2. Bf4 e6 3. Nf3 b6 4. e3 Bb7 5. Bd3 Be7 6. Nbd2 O-O 7. c3 c5 8. e4 d6 9. e5 Nd5 10.
Bg3 dxe5 11. Nxe5 cxd4 12. cxd4 Nb4 13. Bb1 Qxd4 14. a3 Nd5 15. O-O Qxb2 16. Be4 f5 17. Bf3 f4 18. Ndc4 Qb5 19. Rb1 Qe8 20. Bxf4 Rxf4 21. g3 Rf8 22. Bg2 Nc6 23. Ne3 Nxe5 24.
Nxd5 exd5 25. Bxd5+ Bxd5 26. Qxd5+ Nf7 27. Rbe1 Qd8 28. Qxd8 Bxd8 29. Kg2 Bf6 30. Kg1 Rfe8 31. Rxe8+ Rxe8 32. Kg2 Bc3 33. Rc1 Bb2 34. Rc7 Bxa3 35. Rxa7 Bc5 36. Rc7 h6 37. h4 Re2 38. Rc8+ Kh7 39. Ra8 Rxf2+ 40. Kh3 Ne5 41. Ra1 h5 42. Rh1 Ng4 43. Re1 Rh2# 0-1

[Event "Live Chess"]
[Site "Chess.com"]
[Date "2023.05.20"]
[Round "-"]
[White "HoarseyHorsey"]
[Black "koljadar"]
[Result "0-1"]
[WhiteElo "1382"]
[BlackElo "1524"]
[TimeControl "300"]
[EndTime "10:42:27 PDT"]
[Termination "koljadar won by resignation"]

1. d4 e6 2. c4 f5 3. Nc3 Nf6 4. Bg5 Be7 5. e3 b6 6. h4 Bb7 7. Nf3 Ne4 8. Bxe7 Qxe7 9. Bd3 Na6 10. a3 Nxc3 11. bxc3 Qf6 12. Qe2 c5 13. d5 Qxc3+ 0-1

[Event "Live Chess"]
[Site "Chess.com"]
[Date "2023.05.20"]
[Round "-"]
[White "BJAW87"]
[Black "ProfPoisson"]
[Result "1/2-1/2"]
[WhiteElo "1438"]
[BlackElo "1061"]
[TimeControl "300"]
[EndTime "10:42:34 PDT"]
[Termination "Game drawn - timeout vs insufficient material"]

1. e4 e5 2. Nc3 Nf6 3. f4 d5 4.
fxe5 Nxe4 5. Qf3 Nxc3 6. bxc3 Nc6 7. d4 Be6 8. Bb5 a6 9. Bxc6+ bxc6 10. Qg3 Rb8 11.
Nf3 c5 12. O-O cxd4 13. cxd4 c5 14. Bg5 Qb6 15. c3 cxd4 16. cxd4 Be7 17. Bxe7 Kxe7 18. Qxg7 Rhg8 19. Qf6+ Ke8 20. Ng5 Rg6 21. Qf4 Ke7 22.
Nxf7 Rbg8 23. Qh4+ Kd7 24. g3 Rg4 25. Qxh7 Qxd4+ 26. Kg2 Qd2+ 27. Rf2 R4g7 28. Qxg7 Qxf2+ 29. Kxf2 Rxg7 30. Nh6 Rh7 31. Rb1 Rxh6 32. Rb7+ Kc6 33. Re7 Rxh2+ 34. Kg1 Rh6 35. Kg2 Kc5 36. Rc7+ Kd4 37. Ra7 Kxe5 38. Rxa6 Bh3+ 39. Kf3 Rxa6 40. g4 Rxa2 41. g5 Ra6 42. Kg3 Rg6 43. Kh4 Rxg5 44. Kxg5 d4 45. Kh4 d3 46. Kxh3 d2 47. Kh4 d1=Q 48. Kg5 Qf3 49.
Kg6 Qf5+ 50. Kg7 Qf6+ 51. Kh7 Ke6 52. Kg8 1/2-1/2

[Event "Live Chess"]
[Site "Chess.com"]
[Date "2023.05.20"]
[Round "-"]
[White "MrDodgy"]
[Black "mattihelenius2"]
[Result "1-0"]
[WhiteElo "2320"]
[BlackElo "443"]
[TimeControl "300"]
[EndTime "10:42:36 PDT"]
[Termination "MrDodgy won by checkmate"]

1. e4 e5 2. Bc4 d6 3. Qh5 Qf6 4. Nf3 Be6 5. Bxe6 Qxe6 6. Nc3 Nc6 7. Nd5 g6 8. Qh4 Rc8 9. d3 Be7 10. Qg3 Nd4 11. Nxd4 exd4 12. Bd2 Nf6 13. Nxe7 Kxe7 14. O-O Rhg8 15. f4 d5 16. Rae1 Ng4 17. f5 Qb6 18.
Qxg4 Qxb2 19. Bg5+ Kd7 20. fxg6+ Kd6 21. Rf6+ Kc5 22. Qf5 c6 23. exd5 Qxc2 24. dxc6+ Kb6 25. cxb7+ Kc7 26. Rxf7+ Kb6 27. bxc8=Q Rxc8 28. Qe6+ Kc5 29. Be7+ Kb5 30. Rf5+ Ka4 31. Qa6# 1-0

[Event "Live Chess"]
[Site "Chess.com"]
[Date "2023.05.20"]
[Round "-"]
[White "LL220284LL"]
[Black "jagbama"]
[Result "1-0"]
[WhiteElo "2406"]
[BlackElo "1145"]
[TimeControl "300"]
[EndTime "10:42:38 PDT"]
[Termination "LL220284LL won on time"]

1. b3 Nc6 2. Bb2 Nf6 3. e3 d6 4. Be2 e5 5. c4 g6 6. Nc3 a6 7. d3 Bg7 8. Nf3 Be6 9. O-O e4 10.
Nd4 Nxd4 11. exd4 exd3 12. Bxd3 O-O 13. Re1 d5 14. Ne2 b5 15. Nf4 Bg4 16. f3 Bd7 17. cxd5 c6 18. dxc6 Bxc6 19. Rc1 Rc8 20. Bf1 Bh6 21. g3 Bxf4 22. gxf4 Nd5 23. Qd2 Qh4 24. Re5 Nxf4 25. d5 Bd7 26. Rxc8 Rxc8 27. Re4 Nh3+ 28. Bxh3 Qxh3 29. Qd4 f6 30. Qxf6 1-0

[Event "Live Chess"]
[Site "Chess.com"]
[Date "2023.05.20"]
[Round "-"]
[White "LaupMiths"]
[Black "Nazarenko_vital"]
[Result "1-0"]
[WhiteElo "1826"]
[BlackElo "1599"]
[TimeControl "300"]
[EndTime "10:42:40 PDT"]
[Termination "LaupMiths won on time"]

1. d4 Nf6 2. Nf3 b5 3. g3 Bb7 4. Bg2 e6 5. O-O c5 6. b3 Nc6 7.
e3 h6 8. Bb2 Be7 9. dxc5 Bxc5 10. Nbd2 Be7 11. c4 a6 12. Qe2 b4 13. Rfd1 O-O 14.
Rac1 Qc7 15. Qd3 Rfd8 16. Ne4 Nxe4 17. Qxe4 f5 18. Qc2 Bf6 19. Rd2 Bxb2 20. Qxb2 e5 21.
Nxe5 d6 22. Bd5+ Kh7 23. Nf3 Ne7 24. Bxb7 Qxb7 25. Nh4 Qe4 26. Rcd1 Rac8 27. Rd4 Qc6 28. Qb1 1-0